 Dungeon Crawl Stone Soup version 0.27-a0-1071-ga85bd9520d (console) character file.

Game seed: 17046421204913860314

1114 nht the Slicer (level 8, -3/82 HPs)
             Began as a Demonspawn Artificer on Apr 24, 2021.
             Slain by Edmund
             ... wielding a +3 dire flail of holy wrath
              (10 damage)
             ... on level 4 of the Dungeon.
             The game lasted 00:09:27 (3888 turns).

nht the Slicer (Demonspawn Artificer)               Turns: 3888, Time: 00:09:28

Health: -3/82      AC: 24    Str: 12    XL:     8   Next: 12%
Magic:  8/8        EV:  2    Int: 16    God:
Gold:   137        SH:  0    Dex: 16    Spells: 4/7 levels left

rFire    + . .     SeeInvis .   i - +9 spear {vorpal, rPois rF+ Dex+3}
rCold    . . .     Faith    .   (no shield)
rNeg     + + +     Spirit   .   (armour currently unavailable)
rPois    +         Reflect  .   (helmet currently unavailable)
rElec    .         Harm     .   (cloak currently unavailable)
rCorr    .         Rampage  .   (gloves currently unavailable)
Will     .....     NoTele   +   (boots currently unavailable)
Stlth    ++........             (no amulet)
HPRegen  1.23/turn              (no ring)
MPRegen  0.11/turn              (no ring)

@: brilliant, tree-form, attractive, invisible
A: stationary, stasis, torment immunity, boosted hp, rugged brown scales 1,
powered by death 1, demonic magic 2
a: no special abilities


You were on level 4 of the Dungeon.
You were a tree.
You visited 1 branch of the dungeon, and saw 4 of its levels.

You collected 137 gold pieces.

Inventory:

Hand Weapons
 g - a +3 vampiric dagger
 i - the +9 spear of Defiance (weapon) {vorpal, rPois rF+ Dex+3}
   (You found it on level 4 of the Dungeon)

   It inflicts extra damage upon your enemies.
   It affects your dexterity (+3).
   It protects you from fire.
   It protects you from poison.
Missiles
 b - 3 silver boomerangs
 h - 8 poisoned darts
 l - 5 boomerangs
Armour
 a - a +2 pair of boots (melded)
 c - a +2 pair of gloves (melded)
 r - a +2 leather armour of willpower (melded)
Magical Staves
 f - a staff of cold
Jewellery
 j - a ring of ice
Wands
 d - a wand of charming (4)
Scrolls
 n - a scroll of vulnerability {unknown}
 q - 2 scrolls of summoning {unknown}
 u - a scroll of amnesia {unknown}
Potions
 k - a potion of flight
 m - 2 potions of mutation
Miscellaneous
 e - a piece from Xom's chessboard (13/15) (quivered)


   Skills:
 - Level 1.0 Fighting
 + Level 8.7 Short Blades
 - Level 1.7 Armour
 - Level 0.8 Dodging
 - Level 0.8 Stealth
 - Level 3.2 Evocations


You had 4 spell levels left.
You knew the following spells:

 Your Spells              Type           Power      Damage    Failure   Level
a - Confusing Touch       Hex            0%         N/A       58%         3

Your spell library contained the following spells:

 Spells                   Type           Power      Damage    Failure   Level
 Gell's Gravitas          Tloc           0%         N/A       58%         3
 Petrify                  Tmut/Erth      0%         N/A       94%         4
 Metabolic Englaciation   Hex/Ice        0%         N/A       100%        5
 Yara's Violent Unravell  Hex/Tmut       0%         3d3       100%        5


Dungeon Overview and Level Annotations

Branches:
Dungeon (4/15)
 Temple: D:4-7

Altars:

Annotations:
D:2 1 runed translucent door, Crazy Yiuf
D:4 Edmund


Innate Abilities, Weirdness & Mutations

You are a tree.
Your roots penetrate the ground, keeping you stationary.
You cannot be teleported.
You are immune to unholy pain and torment.
Your maximum health is greatly increased.
Your equipment is partially melded.
(You are partially covered in rugged brown scales. (AC +1, +3% HP))
You regenerate a little health from kills.
Spells you cast may paralyse nearby enemies.


Message History

You hit Pikel but do no damage.
Pikel is severely wounded.
Pikel says, "Hell isn't that bad."
Pikel barely misses you.
Okay, then.
It was a potion of brilliance.
You feel clever all of a sudden.
Pikel hits you with a +0 whip of flaming!
* * * LOW HITPOINT WARNING * * *
It was a potion of attraction.
You feel attractive to monsters. Pikel hits you but does no damage.
It was a potion of lignification.
You turn into a tree.
Your +2 pair of gloves melds into your body.
Your +2 pair of boots melds into your body.
Your +2 leather armour of willpower melds into your body.
You feel less strong-willed.
Your roots penetrate the ground.
Edmund the Younger comes into view.
He is wielding a +3 dire flail of holy wrath.
Pikel hits you but does no damage. Edmund is pulled toward you!
You barely miss Pikel.
Pikel is severely wounded.
Pikel hits you but does no damage.
You puncture Pikel!
Pikel is almost dead.
Pikel hits you with a +0 whip of flaming.
* * * LOW HITPOINT WARNING * * *
You hit Pikel.
You kill Pikel!
With Pikel's spell broken, his former minions thank you for their freedom.
The lemure departs this earthly plane. x3; Edmund is pulled toward you!
Your piece from Xom's chessboard (13/15) has regained three charges.
Your Short Blades skill increases to level 8!
You have reached level 8!
You feel clever.
It was a potion of invisibility.
You fade into invisibility!
Edmund hits you with a +3 dire flail of holy wrath!
* * * LOW HITPOINT WARNING * * *
You convulse!
You die... █.........███.████ ███████████ █.█ █.█ █████████ █.█ █.......█████.█ ████

█.█████.......█ █..
█.█████.......█ █.█
█.█†.....)....███§███
█..............♣@§..█
███.████.......██§█......
████.█████.......█.█
██...
........█████...██.█ . .
.........█ ██.███.█ .██
.███.██..█ █.█ █.. ..█
.███.██..█ █.█ ███ █<█
.██..██..█


██'██ █.█ .██.███).█ ██...██ █.█ You could see Edmund.

Vanquished Creatures
  Pikel (D:4)
  A sky beast (D:2)
  A necrophage (D:4)
  A lemure (D:4)
  A scorpion (D:4)
  Jessica (D:3)
  Natasha (thrice) (D:3)
  2 orc wizards
  9 orcs
  Robin (D:4)
  3 gnolls (D:4)
  5 adders
  2 worms
  A dart slug (D:3)
  10 ball pythons
  6 endoplasms
  18 giant cockroaches
  16 goblins
  11 hobgoblins
  6 jackals
  3 quokkas
  8 bats
  A frilled lizard (D:1)
  7 kobolds
  4 rats
122 creatures vanquished.

Vanquished Creatures (collateral kills)
  Terence (D:2)
  2 gnolls
  An orc (D:2)
  A jackal (D:3)
5 creatures vanquished.

Vanquished Creatures (others)
  3 gnolls (D:3)
  3 orcs (D:2)
6 creatures vanquished.

Grand Total: 133 creatures vanquished

Notes
Turn   | Place    | Note
-------+----------+-------------------------------------------
     0 | D:1      | nht the Demonspawn Artificer began the quest for the Orb.
     0 | D:1      | Reached XP level 1. HP: 15/15 MP: 1/1
   114 | D:1      | Reached skill level 1 in Short Blades
   116 | D:1      | Gained mutation: You are partially covered in rugged brown
                  | scales. (AC +1, +3% HP) [demonic ancestry]
   116 | D:1      | Reached XP level 2. HP: 14/21 MP: 2/2
   394 | D:1      | Reached skill level 2 in Short Blades
   690 | D:2      | Gained mutation: Spells you cast may paralyse adjacent
                  | enemies. [demonic ancestry]
   690 | D:2      | Reached XP level 3. HP: 26/26 MP: 3/3
   705 | D:2      | Noticed Terence
   738 | D:2      | Killed Terence
   774 | D:2      | Reached skill level 3 in Short Blades
  1143 | D:2      | Noticed a sky beast
  1194 | D:2      | gtfo
  1245 | D:2      | Reached XP level 4. HP: 24/32 MP: 4/4
  1400 | D:2      | Found a faded altar of an unknown god.
  1487 | D:2      | Found a runed translucent door.
  1488 | D:2      | Noticed Crazy Yiuf
  1740 | D:2      | Killed a sky beast
  1741 | D:2      | Reached skill level 4 in Short Blades
  1741 | D:2      | Gained mutation: You regenerate a little health from kills.
                  | [demonic ancestry]
  1741 | D:2      | Reached XP level 5. HP: 26/38 MP: 5/5
  2163 | D:3      | Noticed Jessica
  2172 | D:3      | Killed Jessica
  2262 | D:3      | Reached skill level 5 in Short Blades
  2429 | D:3      | Noticed Natasha
  2454 | D:3      | Gained mutation: Spells you cast may paralyse nearby
                  | enemies. [demonic ancestry]
  2454 | D:3      | Reached XP level 6. HP: 44/44 MP: 6/6
  2509 | D:3      | Learned a level 3 spell: Confusing Touch
  2734 | D:3      | Killed Natasha
  2780 | D:3      | Noticed Natasha
  2802 | D:3      | Killed Natasha
  2804 | D:3      | Noticed Natasha
  2810 | D:3      | Killed Natasha
  2811 | D:3      | Reached skill level 6 in Short Blades
  3520 | D:4      | Identified the +9 spear of Defiance {vorpal, rPois rF+
                  | Dex+3}
  3708 | D:4      | Reached XP level 7. HP: 49/49 MP: 7/7
  3711 | D:4      | Reached skill level 7 in Short Blades
  3755 | D:4      | Noticed Robin
  3772 | D:4      | Killed Robin
  3854 | D:4      | Noticed Pikel
  3884 | D:4      | Noticed Edmund
  3887 | D:4      | Killed Pikel
  3888 | D:4      | Reached skill level 8 in Short Blades
  3888 | D:4      | Reached XP level 8. HP: 13/55 MP: 8/8
  3888 | D:4      | Slain by Edmund

Illustrated notes

.████.███████ █.█
............█ █.█
...██.█.███.█ █.█
█.█.███.██ ██.███████
█....█...███........█
█..█...█......█████.█
██...█...███.██ █.█
██..........██ █.█
█.███.███.@.█ █.█
█.███.███....█ █.█
█.██..........█ █.█
█.██..███....██ █.█
█.██.........{ █.█
█.██..███..██.█
█.████.██..█ █..█ .█
█......██..█ █..█ .█
█████████..███..█


Turn 1194 on D:2: gtfo

Levels and vault maps discovered:
D:1:      grunt_arrival_lava_bath, layout_rooms, minmay_tromino_v4_a
D:2:      layout_loops_ring, ebering_ecumenical_altar_sacrificial,
          uniq_crazy_yiuf_cottage, uniq_terence
D:3:      minmay_roachtagon, layout_basic, dk_noncrumbling_2,
          chequers_mini_garden, minmay_misc_feat_chi,
          minmay_randomly_rotated_circles, uniq_natasha, uniq_jessica
D:4:      layout_loops_corners, nicolae_overflow_hidden_temple,
          minmay_temple_entry_overgrown, uniq_edmund, uniq_robin, uniq_pikel

Skill      XL: |  1  2  3  4  5  6  7 |
---------------+----------------------+-----
Short Blades   | 1 2 3 4 5 6 8 |  8.7
Fighting       | |  1.0
Armour         | |  1.7
Dodging        | |  0.8
Stealth        | |  0.8
Evocations     | |  3.2

Action                   |  1- 3 |  4- 6 |  7- 9 || total
-------------------------+-------+-------+-------++-------
Melee: Dagger            |   101 |   304 |       ||   405
       Spear             |       |     8 |    48 ||    56
Evoke: Wand              |    20 |     6 |       ||    26
       Piece from Xom's  |     3 |    13 |       ||    16
  Use: Scroll            |     4 |     3 |       ||     7
       Potion            |       |       |     4 ||     4
 Stab: Sleeping          |     1 |     4 |       ||     5
       Confused          |       |     1 |       ||     1
       Petrified         |       |     3 |       ||     3
       Distracted        |       |     1 |       ||     1
       Petrifying        |       |     1 |       ||     1
       Paralysed         |       |     1 |       ||     1
Armor: Leather armour    |    33 |   129 |     6 ||   168
       Skin              |       |       |     2 ||     2
Dodge: Dodged            |    57 |   152 |    13 ||   222

Table legend: (Time is in decaauts)
 A = Elapsed time spent in this place.
 B = Non-inter-level travel time spent in this place.
 C = Inter-level travel time spent in this place.
 D = Time resting spent in this place.
 E = Time spent auto-exploring this place.
 F = Levels seen in this place.
 G = Mean time per level.
                   A        B        C        D        E       F      G
               +--------+--------+--------+--------+--------+-----+--------+
         Total |   3806 |   3620 |    186 |      5 |   2775 |   4 |  951.5 |
       Dungeon |   3806 |   3620 |    186 |      5 |   2775 |   4 |  951.5 |
               +--------+--------+--------+--------+--------+-----+--------+

Top non-repeatable levels by time:
     D:2: 1486 daAuts
     D:3: 925 daAuts
     D:4: 711 daAuts
     D:1: 682 daAuts
